 Dungeon Crawl Stone Soup version 0.28-b1-38-gff268fdeb9 (webtiles) character file.

Game seed: 16222622279743372678

2254 KamiKatze the Thaumaturge (level 9, -17/45 HPs)
             Began as a Deep Elf Conjurer on Feb 3, 2022.
             Was an Initiate of Vehumet.
             Demolished by a boulder beetle (25 damage)
             ... on level 6 of the Dungeon.
             The game lasted 00:32:36 (6911 turns).

KamiKatze the Thaumaturge (Deep Elf Conjurer)       Turns: 6911, Time: 00:32:36

Health: -17/45     AC:  3    Str:  4    XL:     9   Next: 15%
Magic:  18/23      EV: 13    Int: 28    God:    Vehumet [......]
Gold:   367        SH:  0    Dex: 19    Spells: 14/25 levels left

rFire   . . .      SeeInvis +   o - +2 short sword (flame)
rCold   . . .      Faith    .   (no shield)
rNeg    . . .      Spirit   .   c - +0 robe
rPois   .          Reflect  .   p - +0 helmet
rElec   .          Harm     .   (no cloak)
rCorr   .          Rampage  .   (no gloves)
Will    .....                   (no boots)
Stlth   +++.......              v - amulet of regeneration
HPRegen 0.95/turn               q - +6 ring of dexterity
MPRegen 0.18/turn               y - ring of see invisible

@: no status effects
A: no striking features
a: Renounce Religion


You were on level 6 of the Dungeon.
You worshipped Vehumet.
Vehumet was noncommittal.
You visited 2 branches of the dungeon, and saw 8 of its levels.
You also visited: Sewer.

You collected 367 gold pieces.

Inventory:

Hand Weapons
 a - a +0 short sword
 k - a +0 spear
 o - a +2 short sword of flaming (weapon)
 C - a +0 hand axe of venom
Missiles
 b - 22 poisoned darts (quivered)
 i - a curare-tipped dart
 E - 6 atropa-tipped darts
Armour
 c - a +0 robe (worn)
 h - a +0 leather armour
 p - a +0 helmet (worn)
Magical Staves
 e - a staff of conjuration
Jewellery
 q - a +6 ring of dexterity (left hand)
 v - an amulet of regeneration (around neck)
 y - a ring of see invisible (right hand)
Wands
 r - a wand of iceblast (18)
 B - a wand of flame (16)
Scrolls
 d - a scroll of amnesia {unknown}
 f - 2 scrolls of fog {unknown}
 g - 2 scrolls of immolation {unknown}
 j - 4 scrolls of teleportation {unknown}
 u - a scroll of magic mapping {unknown}
 x - a scroll of fear
 A - 4 scrolls of identify
 D - a scroll of enchant weapon {unknown}
 F - a scroll of torment {unknown}
Potions
 l - a potion of ambrosia
 m - 3 potions of brilliance
 n - 3 potions of curing
 t - 3 potions of mutation
 w - a potion of lignification


   Skills:
 - Level 3.0 Dodging
 - Level 3.0 Stealth
 + Level 8.7 Spellcasting
 + Level 8.1 Conjurations
 + Level 7.3 Hexes
 + Level 6.1 Translocations


You had 14 spell levels left.
You knew the following spells:

 Your Spells              Type           Power      Damage    Failure   Level
a - Magic Dart            Conj           100%       1d8       1%          1
b - Searing Ray           Conj           100%       2d8       1%          2
c - Fulminant Prism       Conj/Hex       27%        3d14      1%          4
d - Iskenderun's Mystic   Conj/Tloc      51%        2d11      2%          4

Your spell library contained the following spells:

 Spells                   Type           Power      Damage    Failure   Level
 Dazzling Flash           Conj/Hex       100%       N/A       1%          3
 Corpse Rot               Necr/Air       24%        N/A       7%          2
 Hailstorm                Conj/Ice       35%        3d9       9%          4
 Dispel Undead            Necr           12%        3d9       41%         4
 Ice Form                 Ice/Tmut       12%        N/A       41%         4
 Death Channel            Necr           6%         N/A       100%        6
 Simulacrum               Ice/Necr       6%         N/A       100%        6


Dungeon Overview and Level Annotations

Branches:
Dungeon (7/15)             Temple (1/1) D:7           Sewer (visited)

Altars:
Ashenzari
Cheibriados
Dithmenos
Elyvilon
Fedhas
Gozag
Hepliaklqana
Kikubaaqudgha
Makhleb
Nemelex Xobeh
Okawaru
Qazlal
Ru
Sif Muna
Trog
Uskayaw
Vehumet
Xom
Yredelemnul
Zin
The Shining One


Message History

You erupt in a blast of force!
The mystic blast hits the boulder beetle but does no damage.
The boulder beetle is moderately wounded.
The boulder beetle bites you!
* * * LOW HITPOINT WARNING * * *
You open the door. The boulder beetle bites you!
* * * LOW HITPOINT WARNING * * *
Your magical contamination has completely faded away.
Unknown command.
Casting: Iskenderun's Mystic Blast (dangerous; 2% risk of failure)
Confirm with . or Enter, or press ? or * to list all spells.
You erupt in a blast of force!
The mystic blast hits the boulder beetle but does no damage.
The boulder beetle is moderately wounded.
The boulder beetle bites you but does no damage.
Unknown command.
You hit the boulder beetle but do no damage.
The boulder beetle is moderately wounded.
The boulder beetle barely misses you.
Unknown command.
The boulder beetle closely misses you.
There is an open door here.
There is a stone staircase leading up here.
The boulder beetle barely misses you.
You climb upwards.
There is a stone staircase leading down here.
Okay, then.
You feel much better. The boulder beetle bites you!
Unknown command.
Magic courses through your body. The boulder beetle bites you!!
* * * LOW HITPOINT WARNING * * *
Unknown command.
Casting: Iskenderun's Mystic Blast (dangerous; 2% risk of failure)
Confirm with . or Enter, or press ? or * to list all spells.
You erupt in a blast of force!
The mystic blast hits the boulder beetle but does no damage.
The boulder beetle is moderately wounded.
The boulder beetle bites you!!
Ouch! That really hurt!
You die...

#.########.# ######## #.#
#.# #......# #.# #.#
#......# #.# #.#
###......######.########.#
..'......................#
###......#.......######..#
###......#.......######..#
.........'......@B.[.....#
####.....#.......#######.#
#.....#........# #.#
#.....##.###'#.# #.#
###...##.# #.#.# #.#
######.###.#.# #.#
#.#...#.# #.# #.#.###.#
#.# #.#.#...# #.#


You could see a boulder beetle.

Vanquished Creatures
  Grinder (D:5)
  Edmund (D:6)
  A water moccasin (D:5)
  An orc warrior (D:7)
  A sky beast (D:7)
  A black bear (D:6)
  2 phantoms
  4 kobold brigands (Sewer)
  3 scorpions
  A centaur zombie (D:7)
  2 hounds
  An orc priest (D:7)
  2 jellies
  2 bullfrog skeletons
  A gnoll shaman (D:5)
  5 orc wizards (D:7)
  Natasha (thrice) (D:4)
  5 iguanas
  2 hound skeletons (D:5)
  Robin (D:3)
  9 gnolls
  A howler monkey skeleton (D:4)
  6 adders
  3 river rats (Sewer)
  A shadow imp (D:6)
  A white imp (D:7)
  An ufetubus (D:5)
  An adder skeleton (D:4)
  2 worms
  A dart slug (D:2)
  11 orcs (D:7)
  7 ball pythons
  11 endoplasms
  11 giant cockroaches
  17 goblins
  6 hobgoblins
  8 quokkas
  4 bats
  3 frilled lizards
  17 kobolds
  13 rats
174 creatures vanquished.

Vanquished Creatures (others)
  22 fulminant prisms
  4 plants (D:7)
26 creatures vanquished.

Grand Total: 200 creatures vanquished

Notes
Turn   | Place    | Note
-------+----------+-------------------------------------------
     0 | D:1      | KamiKatze the Deep Elf Conjurer began the quest for the
                  | Orb.
     0 | D:1      | Reached XP level 1. HP: 10/10 MP: 6/6
   253 | D:1      | Reached XP level 2. HP: 15/15 MP: 5/8
   256 | D:1      | Learned a level 2 spell: Searing Ray
   315 | D:1      | Found a faded altar of an unknown god.
  1098 | D:2      | Reached XP level 3. HP: 17/19 MP: 5/10
  1369 | D:2      | Found a burning altar of Makhleb.
  1717 | D:3      | Reached skill level 5 in Conjurations
  1738 | D:3      | Noticed Robin
  1900 | D:3      | Reached XP level 4. HP: 24/24 MP: 10/12
  1905 | D:3      | Learned a level 4 spell: Fulminant Prism
  1910 | D:3      | Learned a level 4 spell: Iskenderun's Mystic Blast
  1933 | D:3      | Found a hide-covered altar of Uskayaw.
  2137 | D:3      | Reached skill level 1 in Hexes
  2231 | D:3      | Killed Robin
  2232 | D:3      | Reached skill level 1 in Translocations
  2463 | D:4      | Found a glowing drain.
  2550 | Sewer    | Entered a sewer
  2688 | Sewer    | Reached XP level 5. HP: 20/28 MP: 5/14
  2808 | Sewer    | Reached skill level 5 in Spellcasting
  3118 | Sewer    | Reached XP level 6. HP: 32/32 MP: 12/16
  3916 | D:4      | Reached XP level 7. HP: 25/36 MP: 8/17
  4011 | D:4      | Noticed Natasha
  4015 | D:4      | Killed Natasha
  4204 | D:4      | Noticed Natasha
  4210 | D:4      | Killed Natasha
  4491 | D:4      | Noticed Natasha
  4496 | D:4      | Killed Natasha
  4499 | D:4      | Found a snail-covered altar of Cheibriados.
  4554 | D:4      | Found a glowing golden altar of the Shining One.
  4650 | D:5      | Entered Level 5 of the Dungeon
  4855 | D:5      | Reached skill level 5 in Hexes
  5004 | D:5      | Reached XP level 8. HP: 41/41 MP: 14/20
  5059 | D:5      | Noticed Grinder
  5066 | D:5      | Killed Grinder
  5136 | D:5      | Reached skill level 5 in Translocations
  5732 | D:6      | Noticed Edmund
  5741 | D:6      | Killed Edmund
  6236 | D:7      | Reached XP level 9. HP: 45/45 MP: 11/23
  6311 | D:7      | Found a staircase to the Ecumenical Temple.
  6320 | Temple   | Entered the Ecumenical Temple
  6641 | Temple   | Became a worshipper of Vehumet
  6890 | D:7      | Noticed a boulder beetle
  6911 | D:6      | Demolished by a boulder beetle

Illustrated notes

Levels and vault maps discovered:
D:1:      elethiomel_arrival_quiet, layout_loops_corners,
          dreamdust_ecumenical_altar_angels_and_demons
D:2:      minmay_evil_eye, layout_loops_cross, basic_altar,
          hangedman_decor_points
D:3:      layout_rooms, mainiacjoe_overflow_paths, uniq_robin
D:4:      layout_loops_cross, lemuel_round_altar, tso_oasis_becter,
          gup_sewer_entry_pipe, uniq_natasha
D:5:      layout_rooms, uniq_grinder
D:6:      layout_basic, uniq_edmund
D:7:      layout_gridville, minmay_temple_entry_gardened_gates
Temple:   mainiacjoe_temple_coin_purse

Skill      XL: |  1  2  3  4  5  6  7  8  9 |
---------------+----------------------------+-----
Stealth        | 3 |  3.0
Dodging        | 3 |  3.0
Spellcasting   | 4 5 7 8 |  8.7
Conjurations   | 5 6 8 |  8.1
Hexes          | 1 2 3 5 7 |  7.3
Translocations | 1 2 3 4 5 6 |  6.1

Action                   |  1- 3 |  4- 6 |  7- 9 || total
-------------------------+-------+-------+-------++-------
Melee: Short sword       |     8 |    17 |     5 ||    30
       Spear             |     6 |       |       ||     6
 Cast: Magic Dart        |    68 |    63 |    55 ||   186
       Searing Ray       |     2 |    24 |    32 ||    58
       Iskenderun's Myst |       |     2 |     6 ||     8
       Fulminant Prism   |       |       |    22 ||    22
  Use: Scroll            |       |     7 |     2 ||     9
       Potion            |       |     1 |     2 ||     3
 Stab: Sleeping          |     1 |     1 |     1 ||     3
       Distracted        |     1 |       |       ||     1
Armor: Robe              |     5 |     3 |     5 ||    13
Dodge: Dodged            |    10 |    21 |    19 ||    50
